 Dungeon Crawl Stone Soup version 0.27-a0-1513-g2aaa0cc67b (webtiles) character file.

Game seed: 15777498175952857734

23657 bande the Blocker (level 13, -1/78 HPs)
             Began as a Gargoyle Fighter on July 9, 2021.
             Was a High Priest of Okawaru.
             Slain by a yak (7 damage)
             ... on level 4 of the Lair of Beasts.
             The game lasted 00:31:22 (20338 turns).

bande the Blocker (Gargoyle Fighter)               Turns: 20338, Time: 00:31:23

Health: -1/78      AC: 34    Str: 23    XL:     13   Next: 8%
Magic:  15/17      EV: 10    Int: 10    God:    Okawaru [*****.]
Gold:   941        SH: 15    Dex: 10    Spells: 12/12 levels left

rFire    . . .     SeeInvis +   h - +0 flail
rCold    . . .     Faith    .   c - +1 kite shield
rNeg     + . .     Spirit   .   p - +2 plate armour {Will+}
rPois    ∞         Reflect  .   M - +2 hat {SInv}
rElec    +         Harm     .   E - +0 cloak {Will+}
rCorr    .         Rampage  .   (no gloves)
Will     ++...                  q - +0 pair of boots
Stlth    ..........             (no amulet)
HPRegen  0.23/turn              (no ring)
MPRegen  0.15/turn              (no ring)

@: mighty, heroic
A: sickness immunity, AC +9, negative energy resistance 1, electricity
resistance, torment resistance 1, petrification resistance, see invisible,
shaggy fur 1
a: Renounce Religion, Heroism, Finesse


You were on level 4 of the Lair of Beasts.
You worshipped Okawaru.
Okawaru was extremely pleased with you.
You visited 3 branches of the dungeon, and saw 14 of its levels.
You also visited: Ossuary.

You collected 941 gold pieces.

Inventory:

Hand Weapons
 a - a +0 war axe
 f - a +2 hand axe of draining
 h - a +0 flail (weapon)
 A - a +3 war axe of freezing
Missiles
 L - 10 atropa-tipped darts (quivered)
Armour
 b - a scarf of invisibility
 c - a +1 kite shield (worn)
 p - a +2 plate armour of willpower (worn)
 q - a +0 pair of boots (worn)
 B - a scarf of resistance
 E - a +0 cloak of willpower (worn)
 M - a +2 hat of see invisible (worn)
Jewellery
 r - a +6 ring of intelligence
 u - a ring of willpower
 v - a ring of magical power
 w - a ring of see invisible
 F - an amulet of regeneration
Wands
 n - a wand of mindburst (13)
 y - a wand of flame (48)
 G - a wand of polymorph (12)
 J - a wand of digging (8)
 K - a wand of iceblast (7)
Scrolls
 e - 5 scrolls of teleportation
 i - 3 scrolls of amnesia
 j - 4 scrolls of enchant armour
 k - 3 scrolls of fog
 s - 6 scrolls of identify
 t - 2 scrolls of magic mapping
 x - 2 scrolls of blinking
 D - a scroll of enchant weapon
Potions
 d - a potion of might
 g - 3 potions of brilliance
 m - 3 potions of flight
 o - a potion of ambrosia
 C - 2 potions of haste
 H - 2 potions of invisibility
Miscellaneous
 I - a tin of tremorstones (2/2)


   Skills:
 + Level 8.1(13.1) Fighting
 + Level 10.8(15.8) Axes
 + Level 9.6(14.6) Armour
 + Level 2.9(7.9) Dodging
 - Level 0.1(5.1) Stealth
 + Level 10.9(15.9) Shields
 * Level 6.5 Invocations
 * Level 8.4 Evocations


You had 12 spell levels left.
You didn't know any spells.
Your spell library contained the following spells:

 Spells                   Type           Power      Damage    Failure   Level
 Foxfire                  Conj/Fire      0%         2x1d4     97%         1
 Blink                    Tloc           N/A        N/A       99%         2
 Conjure Flame            Conj/Fire      0%         6-21      100%        3
 Inner Flame              Hex/Fire       0%         N/A       100%        3
 Lesser Beckoning         Tloc           0%         N/A       100%        3
 Animate Dead             Necr           0%         N/A       100%        4
 Fulminant Prism          Conj/Hex       0%         3d6       100%        4
 Iskenderun's Mystic Bla  Conj/Tloc      0%         2d3       100%        4
 Passage of Golubria      Tloc           N/A        N/A       100%        4
 Borgnjor's Vile Clutch   Necr/Erth      0%         N/A       100%        5
 Lee's Rapid Deconstruct  Erth           0%         3d5*      100%        5
 Manifold Assault         Tloc           0%         N/A       100%        5
 Silence                  Hex/Air        0%         N/A       100%        5
 Death Channel            Necr           0%         N/A       100%        6
 Lehudib's Crystal Spear  Conj/Erth      0%         10d2      100%        8


Dungeon Overview and Level Annotations

Branches:
Dungeon (9/15)             Temple (1/1) D:7            Lair (4/6) D:9
    Orc (0/2) D:9         Ossuary (visited)
  Swamp: Lair:2-4    Shoals: Lair:2-4     Snake: Lair:2-4    Spider: Lair:2-4

Altars:
Ashenzari
Cheibriados
Dithmenos
Elyvilon
Fedhas
Gozag
Makhleb
Nemelex Xobeh
Okawaru
Qazlal
Ru
Sif Muna
Trog
Uskayaw
Vehumet
Wu Jian
Xom
Yredelemnul
Zin
The Shining One


Innate Abilities, Weirdness & Mutations

You are immune to sickness and miasma.
Your stone body is resilient. (AC +9)
You are immune to poison.
You resist negative energy. (rN+)
You are resistant to electric shocks. (rElec)
You are resistant to unholy torment.
You are immune to petrification.
You have supernaturally acute eyesight. (SInv)
You are covered in fur. (AC +1)


Message History

The yak is severely wounded.
You block the yak's attack. The yak gores you! The yak barely misses you.
The yak gores you but does no damage. x3; You block the yak's attack.
The yak gores you.
* * * LOW HITPOINT WARNING * * *
You block the yak's attack.
You gain the combat prowess of a mighty hero.
You block the yak's attack. The yak gores you but does no damage.
The yak barely misses you. You block the yak's attack.
The yak gores you but does no damage. You block the yak's attack. x2
You feel very mighty all of a sudden. The yak gores you.
* * * LOW HITPOINT WARNING * * *
You block the yak's attack. The yak closely misses you. The yak gores you.
* * * LOW HITPOINT WARNING * * *
You block the yak's attack. The yak gores you but does no damage.
The yak completely misses you.
You sock the yak!
The yak is heavily wounded.
You block the yak's attack. The yak gores you but does no damage.
You block the yak's attack. The yak closely misses you.
You block the yak's attack.
You completely miss the yak.
The yak is heavily wounded.
The yak gores you!
* * * LOW HITPOINT WARNING * * *
You block the yak's attack. The yak barely misses you.
You block the yak's attack. The yak gores you but does no damage.
The yak misses you. The yak gores you but does no damage.
You thump the yak!
The yak is almost dead.
You block the yak's attack.
The yak gores you but does no damage. x2
The yak barely misses you. The yak gores you but does no damage.
The yak completely misses you.
Unknown command.
You hit the yak.
The yak is almost dead.
The yak closely misses you. x2; You block the yak's attack. x2
The yak barely misses you. x2; The yak gores you!
You die...

#.....# ###.†## ##
#..P## . #.# #####...#
..#######..###.#.....###
......................#.
........#.#............#
......YY###.#.######.#..
#....YY@Y.....# ####.
......YYY.....# #.
.......Y......# #.
.............## ##
#............#
P...........##
....#......##
....###....# ###


You could see 9 yaks.

Vanquished Creatures
  Gastronok (Lair:1)
  4 hydras
  Pikel (D:7)
  Maurice (D:9)
  Joseph (Lair:1)
  9 cane toads
  3 black mambas
  2 rime drakes (Lair:4)
  3 komodo dragons
  Grinder (D:5)
  A polar bear (Lair:2)
  4 blink frogs
  Sigmund (D:6)
  A spriggan (Lair:3)
  4 wyverns
  32 yaks
  2 basilisks
  A steam dragon (D:9)
  An acid dragon (D:9)
  13 water moccasins
  7 black bears
  An orc warrior (D:9)
  The ghost of DocClef the Covert, an amateur GnDe of Wu Jian (D:4)
  An ice beast (D:7)
  4 centaurs
  2 ogres
  6 wolves
  2 kobold brigands
  3 phantoms
  4 bullfrogs
  2 elf zombies (Ossuary)
  A water moccasin zombie (D:6)
  5 scorpions
  A water moccasin skeleton (D:5)
  10 killer bees
  3 wights (D:7)
  2 electric eels (Lair:3)
  5 howler monkeys
  3 centaur zombies
  A bullfrog skeleton (D:4)
  A human zombie (Ossuary)
  3 jellies
  3 centaur skeletons
  4 hounds
  Natasha (thrice) (D:2)
  2 gnoll shamans
  4 orc wizards
  5 iguanas
  A scorpion zombie (D:5)
  2 hound zombies (Ossuary)
  3 howler monkey zombies
  3 mummies (Ossuary)
  15 gnolls
  A howler monkey skeleton (D:6)
  3 adders
  2 white imps
  An ufetubus (D:6)
  6 adder zombies (Ossuary)
  An adder skeleton (D:4)
  2 dart slugs
  17 orcs
  6 ball pythons
  10 endoplasms
  5 giant cockroaches
  2 gnoll zombies (Ossuary)
  7 goblins
  7 hobgoblins
  6 jackals
  22 kobolds
  5 quokkas
  5 bats
  2 frilled lizards
  5 goblin zombies (Ossuary)
  2 hobgoblin zombies (Ossuary)
  4 jackal zombies (Ossuary)
  2 kobold zombies (Ossuary)
  2 orc zombies (Ossuary)
  3 quokka zombies (Ossuary)
  3 rats
  5 rat zombies (Ossuary)
  A spectral hobgoblin (D:1)
336 creatures vanquished.

Vanquished Creatures (others)
  6 fungi
  11 plants
17 creatures vanquished.

Grand Total: 353 creatures vanquished

Notes
Turn   | Place    | Note
-------+----------+-------------------------------------------
     0 | D:1      | bande the Gargoyle Fighter began the quest for the Orb.
     0 | D:1      | Reached XP level 1. HP: 14/14 MP: 1/1
   229 | D:1      | Reached XP level 2. HP: 15/19 MP: 2/2
   559 | D:1      | Reached XP level 3. HP: 19/23 MP: 3/3
   634 | D:1      | Found a faded altar of an unknown god.
  1737 | D:2      | Noticed Natasha
  1749 | D:2      | Killed Natasha
  1750 | D:2      | Reached XP level 4. HP: 29/29 MP: 4/4
  1963 | D:2      | Noticed Natasha
  1972 | D:2      | Killed Natasha
  2091 | D:2      | Noticed Natasha
  2110 | D:2      | Killed Natasha
  2111 | D:2      | Reached XP level 5. HP: 24/33 MP: 5/5
  2457 | D:3      | Found a shadowy altar of Dithmenos.
  2457 | D:3      | Found a shimmering altar of Xom.
  2457 | D:3      | Noticed a phantom
  2463 | D:3      | Reached skill level 1 in Evocations
  2484 | D:3      | Killed a phantom
  2485 | D:3      | Reached skill level 5 in Armour
  2485 | D:3      | Reached XP level 6. HP: 32/38 MP: 6/6
  3073 | D:4      | Found a sand-covered staircase.
  3083 | Ossuary  | Entered an ossuary
  3464 | Ossuary  | Reached XP level 7. HP: 35/43 MP: 7/7
  3471 | Ossuary  | Reached skill level 1 in Dodging
  4311 | D:4      | Reached skill level 5 in Shields
  4311 | D:4      | Gained mutation: You are covered in fur. (AC +1) [potion of
                  | mutation]
  4311 | D:4      | Gained mutation: You have supernaturally acute eyesight.
                  | (SInv) [potion of mutation]
  4400 | D:4      | Reached XP level 8. HP: 43/48 MP: 8/8
  4888 | D:4      | Found a runed translucent door.
  4888 | D:4      | Noticed DocClef's ghost (amateur GnDe)
  4903 | D:4      | Killed DocClef's ghost
  4932 | D:5      | Entered Level 5 of the Dungeon
  4964 | D:5      | Reached skill level 5 in Axes
  5367 | D:5      | Found a burning altar of Makhleb.
  5882 | D:5      | Noticed Grinder
  5893 | D:5      | Paralysed by Grinder for 3 turns
  5903 | D:5      | Killed Grinder
  5904 | D:5      | Reached skill level 5 in Fighting
  6166 | D:5      | Found a shimmering blue altar of Sif Muna.
  6335 | D:6      | Reached XP level 9. HP: 54/54 MP: 9/9
  6886 | D:6      | Noticed Sigmund
  6903 | D:6      | Killed Sigmund
  7790 | D:7      | Reached skill level 5 in Evocations
  7944 | D:7      | Reached XP level 10. HP: 51/60 MP: 10/10
  8028 | D:7      | Found a glowing golden altar of the Shining One.
  8089 | D:7      | Found a staircase to the Ecumenical Temple.
  8099 | Temple   | Entered the Ecumenical Temple
  8268 | Temple   | Became a worshipper of Warmaster Okawaru
  8485 | D:7      | Found a snail-covered altar of Cheibriados.
  8622 | D:7      | Found a broken altar of Ashenzari.
  9128 | D:8      | Noticed Pikel
  9146 | D:7      | Killed Pikel
  9431 | D:8      | Reached * piety under Okawaru
 10100 | D:8      | Found a hide-covered altar of Uskayaw.
 10155 | D:8      | Reached ** piety under Okawaru
 10374 | D:9      | Noticed Maurice
 10552 | D:9      | Killed Maurice
 10727 | D:9      | Reached XP level 11. HP: 64/64 MP: 11/11
 10781 | D:9      | Found a staircase to the Lair.
 10794 | D:9      | Reached *** piety under Okawaru
 10830 | D:9      | Reached skill level 1 in Invocations
 11645 | D:9      | Found a staircase to the Orcish Mines.
 11789 | Lair:1   | Entered Level 1 of the Lair of Beasts
 11835 | Lair:1   | Reached **** piety under Okawaru
 13074 | Lair:1   | Noticed Joseph
 13090 | Lair:1   | Killed Joseph
 13091 | Lair:1   | Reached skill level 10 in Axes
 13463 | Lair:1   | Noticed Gastronok
 13488 | Lair:1   | Killed Gastronok
 13488 | Lair:1   | Reached ***** piety under Okawaru
 13694 | Lair:1   | Reached XP level 12. HP: 67/72 MP: 15/15
 14198 | Lair:2   | Noticed a five-headed hydra
 14273 | Lair:1   | Killed a five-headed hydra
 14605 | Lair:2   | Upgraded the game from 0.27-a0-1502-g47ed6a6988 to
                  | 0.27-a0-1513-g2aaa0cc67b
 14851 | Lair:2   | You fall into a shaft and drop 1 floor!
 14851 | Lair:3   | Noticed a four-headed hydra
 14893 | Lair:2   | Received a gift from Okawaru
 15151 | Lair:2   | Identified the +3 leather armour of Ulocwom {-Tele Harm
                  | rPois}
 15219 | Lair:2   | Reached skill level 5 in Invocations
 15480 | Lair:3   | Noticed a four-headed hydra
 15508 | Lair:2   | Killed a four-headed hydra
 16170 | Lair:2   | Killed a five-headed hydra
 16171 | Lair:2   | Reached skill level 10 in Shields
 16807 | Lair:3   | Noticed a six-headed hydra
 16831 | Lair:3   | Killed a six-headed hydra
 17964 | Lair:3   | Received a gift from Okawaru
 19453 | Lair:3   | Reached XP level 13. HP: 18/78 MP: 15/17
 20338 | Lair:4   | Slain by a yak

Illustrated notes

Levels and vault maps discovered:
D:1:      lemuel_arrival_tunnels, layout_basic,
          dreamdust_ecumenical_altar_drowned_temple, chequers_big_river,
          minmay_split_cup_large
D:2:      layout_loops_cross, palyth_stone_intersect, uniq_natasha
D:3:      layout_rooms, mainiacjoe_overflow_large_starburst
D:4:      wad_pebble_path, layout_basic, gammafunk_ghost_grave,
          lightli_ossuary_entry_decrepit_ruins
D:5:      layout_basic, tgw_sif, mainiacjoe_overflow_paths, uniq_grinder
D:6:      layout_cave_pods, minmay_misc_feat_columns, uniq_sigmund
D:7:      layout_rooms, nicolae_ashenzari_panopticon,
          mainiacjoe_overflow_six_doors_small, lemuel_coloured_pillars_altar,
          minmay_temple_entry_large_hall
D:8:      layout_basic, eat_drink_and_be_merry_uskayaw, uniq_pikel
D:9:      layout_long_grid, dpeg_oklobed_lair, orc_0_dummy,
          minmay_fractal_squares_diagonal_5, uniq_maurice
Temple:   nicolae_temple_figure_eight
Lair:1:   layout_cave_pods, beast_lair_carwin_7, grunt_megastairs_1,
          lemuel_fruit_fields, uniq_joseph, uniq_harold, uniq_gastronok
Lair:2:   layout_loops_ring
Lair:3:   layout_chaotic_city, forest_entry_grove, infiniplex_staircase_pool
Lair:4:   layout_cave_pods, skrybe_swamp_entry_bodies,
          minmay_snake_entry_six_corridors, basic_altar, grunt_megastairs_5

Skill      XL: |  1  2  3  4  5  6  7  8  9 10 11 12 |
---------------+-------------------------------------+-----
Axes           | 2 3 4 6 7 9 10 | 10.8
Armour         | 4 5 6 7 8 9 |  9.6
Shields        | 4 5 6 7 8 9 10 | 10.9
Fighting       | 4 5 6 7 8 |  8.1
Evocations     | 1 2 3 5 6 7 8 |  8.4
Dodging        | 1 2 |  2.9
Invocations    | 4 6 |  6.5
Stealth        | |  0.1

Action                   |  1- 3 |  4- 6 |  7- 9 | 10-12 | 13-15 || total
-------------------------+-------+-------+-------+-------+-------++-------
Melee: Hand axe          |   110 |   207 |   536 |    33 |       ||   886
       War axe           |       |       |       |   439 |       ||   439
       Flail             |       |       |       |   266 |    81 ||   347
Invok: Heroism           |       |       |       |     6 |     1 ||     7
  Use: Scroll            |     4 |     6 |     5 |     5 |       ||    20
       Potion            |     3 |     1 |     3 |    11 |     1 ||    19
Armor: Scale mail        |    45 |       |       |       |       ||    45
       Chain mail        |    42 |   147 |   268 |   481 |       ||   938
       Plate armour      |       |       |       |    95 |    82 ||   177
Dodge: Dodged            |    39 |    52 |   111 |   304 |    30 ||   536
Block: Kite shield       |    59 |   113 |   344 |   718 |    75 ||  1309

Table legend: (Time is in decaauts)
 A = Elapsed time spent in this place.
 B = Non-inter-level travel time spent in this place.
 C = Inter-level travel time spent in this place.
 D = Time resting spent in this place.
 E = Time spent auto-exploring this place.
 F = Levels seen in this place.
 G = Mean time per level.
                   A        B        C        D        E       F      G
               +--------+--------+--------+--------+--------+-----+--------+
         Total |  20729 |  20545 |    184 |   6863 |   9689 |  15 | 1381.9 |
       Dungeon |  10859 |  10696 |    163 |   2057 |   6266 |   9 | 1206.6 |
        Temple |    235 |    223 |     12 |      0 |    178 |   1 |  235.0 |
          Lair |   8639 |   8630 |      9 |   4520 |   2853 |   4 | 2159.8 |
       Ossuary |    995 |    995 |      0 |    286 |    391 |   1 |  995.0 |
               +--------+--------+--------+--------+--------+-----+--------+

Top non-repeatable levels by time:
  Lair:3: 2895 daAuts
  Lair:1: 2837 daAuts
  Lair:2: 2365 daAuts
     D:5: 1421 daAuts
     D:6: 1400 daAuts
     D:7: 1396 daAuts
     D:9: 1285 daAuts
     D:1: 1222 daAuts
     D:8: 1215 daAuts
     D:2: 1062 daAuts
 Ossuary: 995 daAuts
     D:4: 979 daAuts
     D:3: 874 daAuts
  Lair:4: 540 daAuts
  Temple: 235 daAuts
